[ AOE2 MATCH · #506026454 ]
UnrankedHindustanis vs Goths
Player's team · LOSS
Rival team · WIN
[ REPLAY ANALYSIS · EXTRACTED FROM THE RECORDED GAME ]
Feudal
11:17
Castle
—
Imperial
—
| APM avg | 46.8 |
| APM peak | 87 |
| eAPM avg | 27.1 |
| Villagers / military | 56 / 0 |
Focus
⚔️ 10.8% · 🌾 89.2%
Feudal
14:56
Castle
—
Imperial
—
| APM avg | 52.8 |
| APM peak | 98 |
| eAPM avg | 24.0 |
| Villagers / military | 44 / 13 |
Focus
⚔️ 54.3% · 🌾 45.7%
Militia ×13
Match map
Initial resources + every placement click. Lines = walls · curves = elevation contours. ◆ gold · ⬟ stone · ● berries · ✦ relic · ◌ wall gap
Your base· Open — 4t gap
Senhor FORTALEZA's base· Open — unwalled flank
Smoothed initial terrain · ◌ = detected wall gap · hover for details
Inputs per minute
— Aron - - Senhor FORTALEZA
Build order — Aron
103 actions detected in the replay
| 0:02 | Build | House |
| 0:04 | Build | House |
| 0:05 | Queue | Villager (Male) |
| 0:05 | Queue | Villager (Male) |
| 0:05 | Queue | Villager (Male) |
| 0:09 | Queue | Villager (Male) |
| 1:10 | Queue | Villager (Male) |
| 1:10 | Queue | Villager (Male) |
| 1:10 | Queue | Villager (Male) |
| 1:40 | Queue | Villager (Male) |
| 1:41 | Queue | Villager (Male) |
| 1:58 | Queue | Villager (Male) |
| 1:58 | Queue | Villager (Male) |
| 2:13 | Build | Lumber Camp |
| 2:27 | Queue | Villager (Male) |
| 2:27 | Queue | Villager (Male) |
| 2:27 | Queue | Villager (Male) |
| 3:07 | Build | House |
| 3:09 | Build | House |
| 3:17 | Queue | Villager (Male) |
| 3:17 | Queue | Villager (Male) |
| 3:17 | Queue | Villager (Male) |
| 3:38 | Queue | Villager (Male) |
| 3:38 | Queue | Villager (Male) |
| 3:53 | Build | Palisade Wall |
| 4:05 | Queue | Villager (Male) |
| 4:05 | Queue | Villager (Male) |
| 4:05 | Queue | Villager (Male) |
| 4:18 | Build | Palisade Wall |
| 4:39 | Build | Palisade Wall |
| 4:49 | Queue | Villager (Male) |
| 4:49 | Queue | Villager (Male) |
| 4:49 | Queue | Villager (Male) |
| 5:00 | Queue | Villager (Male) |
| 5:00 | Queue | Villager (Male) |
| 5:23 | Queue | Villager (Male) |
| 5:27 | Build | Palisade Wall |
| 5:43 | Build | Palisade Wall |
| 5:45 | Queue | Villager (Male) |
| 5:58 | Build | Palisade Wall |
| 6:24 | Research | Loom |
| 7:09 | Queue | Villager (Male) |
| 7:09 | Queue | Villager (Male) |
| 7:14 | Build | Mill |
| 7:33 | Queue | Villager (Male) |
| 7:48 | Queue | Villager (Male) |
| 8:54 | Build | Mining Camp |
| 9:07 | Research | Feudal Age |
| 9:10 | Build | Mining Camp |
| 10:04 | Build | Barracks |
| 10:09 | Queue | Villager (Male) |
| 10:30 | Build | House |
| 10:43 | Queue | Villager (Male) |
| 10:56 | Build | House |
| 11:17 | Age | Feudal Age |
| 11:22 | Build | Watch Tower |
| 11:25 | Build | Blacksmith |
| 11:26 | Queue | Villager (Male) |
| 11:45 | Build | Farm |
| 11:49 | Research | Double-Bit Axe |
| 11:50 | Queue | Villager (Male) |
| 12:06 | Build | Farm |
| 12:12 | Queue | Villager (Male) |
| 12:30 | Build | Watch Tower |
| 12:36 | Build | Watch Tower |
| 13:04 | Build | Mill |
| 13:04 | Queue | Villager (Male) |
| 13:22 | Build | House |
| 13:28 | Build | House |
| 13:30 | Queue | Villager (Male) |
| 13:30 | Queue | Villager (Male) |
| 13:35 | Build | Farm |
| 14:10 | Queue | Villager (Male) |
| 14:10 | Queue | Villager (Male) |
| 14:21 | Queue | Villager (Male) |
| 14:37 | Build | Farm |
| 14:38 | Build | Farm |
| 14:41 | Build | Market |
| 14:41 | Queue | Villager (Male) |
| 14:41 | Queue | Villager (Male) |
| 14:47 | Build | Market |
| 15:00 | Queue | Villager (Male) |
| 15:00 | Queue | Villager (Male) |
| 15:00 | Queue | Villager (Male) |
| 15:08 | Build | Farm |
| 15:32 | Build | Watch Tower |
| 16:05 | Build | Watch Tower |
| 16:09 | Build | Blacksmith |
| 16:43 | Build | Watch Tower |
| 17:44 | Build | Watch Tower |
| 18:00 | Build | Town Center |
| 18:45 | Build | Farm |
| 18:48 | Build | House |
| 19:18 | Queue | Villager (Male) |
| 19:18 | Queue | Villager (Male) |
| 19:18 | Queue | Villager (Male) |
| 19:19 | Queue | Villager (Male) |
| 19:19 | Queue | Villager (Male) |
| 19:29 | Build | Farm |
| 19:34 | Queue | Villager (Male) |
| 20:01 | Build | Farm |
| 20:26 | Queue | Villager (Male) |
| 21:22 | Build | Watch Tower |
Build order — Senhor FORTALEZA
95 actions detected in the replay
| 0:01 | Queue | Villager (Male) |
| 0:01 | Queue | Villager (Male) |
| 0:02 | Build | House |
| 0:02 | Build | House |
| 0:04 | Queue | Villager (Male) |
| 0:11 | Queue | Villager (Male) |
| 1:38 | Queue | Villager (Male) |
| 2:01 | Queue | Villager (Male) |
| 2:18 | Queue | Villager (Male) |
| 2:47 | Build | Barracks |
| 2:56 | Queue | Villager (Male) |
| 2:56 | Queue | Villager (Male) |
| 3:05 | Build | House |
| 3:16 | Queue | Villager (Male) |
| 3:30 | Research | Loom |
| 3:35 | Queue | Villager (Male) |
| 3:58 | Queue | Militia |
| 4:06 | Queue | Villager (Male) |
| 4:18 | Queue | Militia |
| 4:25 | Build | House |
| 4:42 | Queue | Villager (Male) |
| 5:03 | Queue | Villager (Male) |
| 5:04 | Queue | Villager (Male) |
| 5:29 | Queue | Villager (Male) |
| 5:30 | Queue | Villager (Male) |
| 5:33 | Build | Lumber Camp |
| 6:04 | Queue | Villager (Male) |
| 6:44 | Queue | Villager (Male) |
| 6:45 | Queue | Militia |
| 7:07 | Queue | Villager (Male) |
| 7:20 | Queue | Villager (Male) |
| 7:29 | Build | House |
| 7:38 | Queue | Militia |
| 7:43 | Build | Mining Camp |
| 7:58 | Queue | Villager (Male) |
| 8:00 | Queue | Militia |
| 8:12 | Queue | Villager (Male) |
| 8:17 | Build | Mill |
| 8:30 | Queue | Militia |
| 8:31 | Queue | Villager (Male) |
| 8:42 | Build | House |
| 8:58 | Queue | Villager (Male) |
| 9:01 | Queue | Villager (Male) |
| 9:33 | Queue | Villager (Male) |
| 9:34 | Queue | Militia |
| 9:39 | Queue | Villager (Male) |
| 9:48 | Queue | Militia |
| 9:48 | Queue | Militia |
| 9:49 | Queue | Villager (Male) |
| 10:01 | Build | Mill |
| 10:43 | Queue | Villager (Male) |
| 11:10 | Build | House |
| 11:51 | Build | Town Center |
| 12:07 | Queue | Militia |
| 12:18 | Build | House |
| 12:43 | Queue | Villager (Male) |
| 12:46 | Research | Feudal Age |
| 13:08 | Build | Mining Camp |
| 13:19 | Queue | Militia |
| 13:37 | Queue | Militia |
| 13:52 | Queue | Militia |
| 14:27 | Queue | Villager (Male) |
| 14:40 | Build | House |
| 14:41 | Build | House |
| 14:56 | Age | Feudal Age |
| 14:56 | Research | Man-at-Arms (upgrade) |
| 15:09 | Build | Watch Tower |
| 15:25 | Queue | Villager (Male) |
| 15:27 | Build | Farm |
| 15:30 | Build | Farm |
| 15:53 | Queue | Villager (Male) |
| 15:54 | Queue | Villager (Male) |
| 16:01 | Build | Outpost |
| 16:04 | Build | Watch Tower |
| 16:16 | Build | Watch Tower |
| 16:20 | Build | Blacksmith |
| 16:36 | Queue | Villager (Male) |
| 17:02 | Build | Watch Tower |
| 17:05 | Research | Fletching |
| 17:05 | Research | Fletching |
| 17:08 | Build | Mining Camp |
| 17:35 | Queue | Villager (Male) |
| 17:52 | Build | Watch Tower |
| 18:09 | Build | Farm |
| 18:10 | Queue | Villager (Male) |
| 18:10 | Queue | Villager (Male) |
| 18:27 | Build | Mill |
| 18:33 | Queue | Villager (Male) |
| 18:48 | Queue | Villager (Male) |
| 19:12 | Build | Watch Tower |
| 19:21 | Queue | Villager (Male) |
| 19:50 | Queue | Villager (Male) |
| 20:10 | Build | Market |
| 20:16 | Queue | Villager (Male) |
| 20:58 | Build | Town Center |
Match timeline
| 2:47 | Senhor FORTALEZA · first_building Barracks |
| 3:53 | Aron · wall_segment Palisade Wall x4 |
| 4:18 | Aron · wall_segment Palisade Wall x12 |
| 4:39 | Aron · wall_segment Palisade Wall x10 |
| 5:27 | Aron · wall_segment Palisade Wall x4 |
| 5:43 | Aron · wall_segment Palisade Wall x8 |
| 5:58 | Aron · wall_segment Palisade Wall x6 |
| 10:04 | Aron · first_building Barracks |
| 11:17 | Aron · age_up feudal |
| 14:56 | Senhor FORTALEZA · age_up feudal |
| 16:52 | Aron · first_market_sell 100 food |
| 16:53 | Aron · first_market_buy 500 wood |
| 20:46 | Senhor FORTALEZA · first_market_buy 100 wood |
| 21:40 | Aron · resign |
[ AI ANALYSIS · 1 CREDIT ]
What really happened in this match?
Wolo.gg analyzes every decision: build order, eco, micro, common mistakes by bracket. Personalized analysis on WhatsApp or Discord in 30 seconds.
Civ guide
Hindustanis
Perfil
Aron